 Dungeon Crawl Stone Soup version 0.29-a0-757-g358383bc75 (webtiles) character file.

Game seed: 18050982601503610858

175 zeratav the Ruffian (level 5, 0/79 HPs)
             Began as a Troll Fighter on July 1, 2022.
             Slain by Pikel
             ... wielding a +2 whip of freezing
              (1 damage)
             ... on level 5 of the Dungeon.
             The game lasted 00:03:54 (1911 turns).

zeratav the Ruffian (Troll Fighter)                 Turns: 1911, Time: 00:03:54

Health: 0/79       AC: 22    Str: 26    XL:     5   Next: 29%
Magic:  4/4        EV:  1    Int:  4    God:
Gold:   122        SH:  7    Dex:  9    Spells: 4/4 levels left

rFire   . . .      SeeInvis .     - Unarmed
rCold   . . .      Faith    .   b - +0 kite shield
rNeg    . . .      Spirit   .   (body armour currently unavailable)
rPois   +          Reflect  .   (helmet currently unavailable)
rElec   .          Harm     .   (cloak currently unavailable)
rCorr   .          Rampage  .   (gloves unavailable)
Will    .....      NoTele   +   (boots unavailable)
Stlth   +.........              (no amulet)
HPRegen 1.03/turn               (no ring)
MPRegen 0.09/turn               (no ring)

@: tree-form
A: stationary, stasis, torment immunity, boosted hp, large, unfitting armour,
(claws 3), regeneration 1, (shaggy fur 1), (tough skin 1)
a: no special abilities


You were on level 5 of the Dungeon.
You were a tree.
You visited 1 branch of the dungeon, and saw 5 of its levels.

You collected 155 gold pieces.
You spent 33 gold pieces at shops.


Innate Abilities, Weirdness & Mutations

You are a tree.
Your roots penetrate the ground, keeping you stationary.
You cannot be teleported.
You are immune to unholy pain and torment.
Your maximum health is greatly increased.
Your equipment is partially melded.
You are too large for most types of armour.
((You have claws for hands.))
Your natural rate of healing is unusually fast.
((You are covered in fur. (AC +1)))
((You have tough skin. (AC +1)))


   Skills:
 + Level 3.1 Fighting
 + Level 1.7 Throwing
 - Level 2.4 Dodging
 + Level 3.3 Shields
 + Level 3.8 Unarmed Combat


You had 4 spell levels left.
You didn't know any spells.
Your spell library contained the following spells:

 Spells                   Type           Power      Damage    Failure   Level
 Magic Dart               Conj           0%         1d3       80%         1
 Call Imp                 Summ           0%         N/A       90%         2
 Mephitic Cloud           Conj/Pois/Air  0%         N/A       99%         3

Inventory:

Hand Weapons
 d - a +2 whip of venom {mace}
   (You found it on level 1 of the Dungeon)
Missiles
 i - 5 boomerangs of dispersal (quivered) {=fthrowing}
Armour
 a - a +0 robe (melded)
 b - a +0 kite shield (worn)
 h - a +0 cloak (melded)
   (You found it on level 2 of the Dungeon)
Scrolls
 f - 2 scrolls of amnesia {unknown}
 g - 2 scrolls of magic mapping {unknown}
 l - a scroll of enchant armour {unknown}
 p - a scroll of noise {unknown}
 q - a scroll of identify {unknown}
Potions
 c - a potion of might
 e - 2 potions of attraction {unknown}
 j - 2 potions of lignification {!q}
 k - a potion of curing {@q1}
 m - a potion of cancellation {unknown}
 n - a potion of haste {unknown}
 o - a potion of degeneration {unknown}

Dungeon Overview and Level Annotations

Branches:
Dungeon (5/15) Zot: 26971
 Temple: D:4-7

Altars:
Wu Jian

Shops:
D:1 :([(   D:2 :!

Annotations:
D:5 Pikel

#......#
#......#
##.^....#### #
..........##.
#####..........
.............#
###......S...#
.............#
#...#......♣.#
. #.>...K..#
##########


You could see Pikel and an adder.


Message History

There is an open door here.
There is an open door here.
There is a stone staircase leading down here.
You climb downwards.
A sourceless malevolence fills the Dungeon...
You fall into a shaft and drop 1 floor!
The shaft crumbles and collapses.
Found a stone staircase leading up and a stone staircase leading down.
(D) Dungeon
Where to? (Enter - D:4, ? - help)
There is a stone staircase leading up here.
You climb upwards.
The lemure shouts!
You hear a shout!
There is a stone staircase leading down here.
A lemure is nearby!
Pikel, Merchant of Souls comes into view.
He is wielding a +2 whip of freezing and carrying a wand of polymorph (1).
You scratch the lemure. You block the lemure's attack.
You claw the lemure! The lemure closely misses you.
A lemure comes into view.
You claw the lemure! The lemure hits you.
HP[-1]
You take 1 damage, and now have 52/53 hp.
You claw the lemure!
You kill the lemure!
That felt strangely unrewarding.
A lemure comes into view.
HP[+1]
Your hp is fully restored (53).
There is a stone staircase leading down here.
Pikel hits you with a +2 whip of freezing!
Pikel freezes you.
You climb downwards.
There is a stone staircase leading up here.
HP[-13]
You take 13 damage, and now have 40/53 hp.
MASSIVE DAMAGE!! (PAUSE)
You closely miss Pikel.
Pikel zaps a wand.
You resist with some effort.
The now-empty wand crumbles to dust.
HP[+1]
You closely miss Pikel. Pikel misses you.
HP[+1]
You claw Pikel!
Pikel hits you with a +2 whip of freezing!
Pikel freezes you.
HP[-11]
You take 11 damage, and now have 31/53 hp.
MASSIVE DAMAGE!! (PAUSE)
You closely miss Pikel.
Pikel hits you with a +2 whip of freezing!
* * * LOW HITPOINT WARNING * * *
Pikel freezes you.
* * * LOW HITPOINT WARNING * * *
HP[-7]
You take 7 damage, and now have 24/53 hp.
You barely miss Pikel. You block Pikel's attack.
HP[+1]
You scratch Pikel.
An adder comes into view.
Pikel hits you with a +2 whip of freezing.
* * * LOW HITPOINT WARNING * * *
Pikel freezes you.
* * * LOW HITPOINT WARNING * * *
HP[-3]
You take 3 damage, and now have 22/53 hp.
You barely miss Pikel.
Pikel hits you with a +2 whip of freezing.
* * * LOW HITPOINT WARNING * * *
Pikel freezes you.
* * * LOW HITPOINT WARNING * * *
HP[-5]
You take 5 damage, and now have 17/53 hp.
You closely miss Pikel.
The adder hisses angrily.
Pikel hits you with a +2 whip of freezing!
* * * LOW HITPOINT WARNING * * *
Pikel freezes you.
* * * LOW HITPOINT WARNING * * *
HP[-11]
You take 11 damage, and now have 6/53 hp.
MASSIVE DAMAGE!! (PAUSE)
You closely miss Pikel.
Pikel hits you with a +2 whip of freezing.
* * * LOW HITPOINT WARNING * * *
Pikel freezes you.
* * * LOW HITPOINT WARNING * * *
HP[-2]
You take 2 damage, and now have 4/53 hp.
Unknown command.
It was a potion of lignification.
You turn into a tree.
Your +0 cloak melds into your body.
Your +0 robe melds into your body.
Your roots penetrate the ground.
Pikel hits you but does no damage.
HP[+4]
You now have 79 max hp (+26).
You regained 4 hp, and now have 8/79 hp.
You smack Pikel!
Pikel hits you with a +2 whip of freezing!
* * * LOW HITPOINT WARNING * * *
Pikel freezes you.
You die...

Skill      XL: |  1  2  3  4 |
---------------+-------------+-----
Unarmed Combat | 3 |  3.8
Throwing       | 1 |  1.7
Shields        | 3 |  3.3
Fighting       | 3 |  3.1
Dodging        | |  2.4

Action                   |  1- 3 |  4- 6 || total
-------------------------+-------+-------++-------
Melee: Unarmed           |   163 |    83 ||   246
  Use: Potion            |       |     1 ||     1
Armor: Robe              |    71 |    28 ||    99
       Skin              |       |     1 ||     1
Dodge: Dodged            |    87 |    19 ||   106
Block: Kite shield       |    69 |    21 ||    90

Levels and vault maps discovered:
D:1:      dpeg_arrival_lava_altar, layout_rooms, serial_shops,
          nicolae_shop_crystal, shop, nicolae_shop_behind_doors,
          nicolae_shop_trees, shapermc_ecumenical_altar_gd
D:2:      layout_rooms, serial_shops, nicolae_shop_stone, shop,
          serial_park_tiny_2
D:3:      layout_basic
D:4:      layout_loops_cross, nicolae_hexahallways, minmay_circle_x,
          uniq_menkaure, uniq_pikel
D:5:      layout_rooms, minmay_temple_entry_proselytizer,
          serial_co_window_serial, co_window_paths_a, co_window_cross_1,
          co_window_paths_b, co_window_paths_a, co_window_of_opportunity_a,
          co_window_of_opportunity_a, co_window_paths_a, co_window_broadway_b,
          co_window_of_opportunity_b, co_window_paths_c, co_window_cross_2,
          co_window_corner_ca, co_window_paths_d, glass_columns_b,
          glass_columns_a

Notes
Turn   | Place    | Note
-------+----------+-------------------------------------------
     0 | D:1      | zeratav the Troll Fighter began the quest for the Orb.
     0 | D:1      | Reached XP level 1. HP: 22/22 MP: 0/0
     0 | D:1      | magus.rc [v1.9.6]
    81 | D:1      | Found a faded altar of an unknown god.
   140 | D:1      | Reached XP level 2. HP: 29/29 MP: 1/1
   204 | D:1      | Reached skill level 3 in Unarmed Combat
   218 | D:1      | Found Nisedeiw's Antique Weapon Shop.
   411 | D:1      | Found Naelan's Weapon Emporium.
   444 | D:1      | Found Onurch's Book Shoppe.
   509 | D:1      | Found Lueph's Armour Shoppe.
   645 | D:1      | Found an ornate altar of the Wu Jian Council.
   744 | D:2      | Reached XP level 3. HP: 36/36 MP: 2/2
   882 | D:2      | HP: 8/36 [rat (2)]
   889 | D:2      | HP: 9/36 [hobgoblin (3)]
   958 | D:2      | Found Joxog's Distillery.
   973 | D:2      | Reached skill level 1 in Throwing
   975 | D:2      | Bought a potion of curing for 33 gold pieces
  1006 | D:2      | Reached skill level 3 in Shields
  1083 | D:2      | Found Afuzade's Book Shop.
  1173 | D:2      | You pick up a book of Minor Magic and begin reading...
  1173 | D:2      | You add the spells Magic Dart, Call Imp and Mephitic Cloud
                  | to your library.
  1236 | D:3      | Reached XP level 4. HP: 39/44 MP: 3/3
  1396 | D:3      | Identified the +0 pair of boots "Asuigum" {Dex+7 SInv}
  1420 | D:3      | Reached skill level 3 in Fighting
  1503 | D:3      | HP: 9/45 [orc priest/divine providence (14)]
  1509 | D:3      | HP: 5/45 [something (3)]
  1513 | D:3      | Reached XP level 5. HP: 9/53 MP: 4/4
  1517 | D:3      | HP: 12/53 [orc priest/+0 club (2)]
  1884 | D:4      | You fall into a shaft and drop 1 floor!
  1884 | D:5      | Entered Level 5 of the Dungeon
  1890 | D:4      | Noticed a lemure
  1892 | D:4      | Noticed Pikel
  1894 | D:4      | Noticed a lemure
  1896 | D:4      | Killed a lemure
  1896 | D:4      | Noticed a lemure
  1899 | D:4      | Noticed a lemure
  1908 | D:5      | HP: 8/53 [Pikel/+2 whip of freezing (10)]
  1911 | D:5      | HP: 1/79 [Pikel/+2 whip of freezing (8)]
  1911 | D:5      | Slain by Pikel

Vanquished Creatures
  A lemure (D:4)
  A hound (D:3)
  An orc priest (D:3)
  An orc wizard (D:3)
  2 adders
  2 dart slugs (D:2)
  4 orcs (D:3)
  4 endoplasms
  5 giant cockroaches
  7 goblins
  10 hobgoblins
  6 kobolds
  5 quokkas
  8 ball pythons
  5 bats
  3 frilled lizards
  8 rats
73 creatures vanquished.

Vanquished Creatures (others)
  A demonic plant (D:1)
  2 fungi (D:1)
  4 plants (D:1)
7 creatures vanquished.

Grand Total: 80 creatures vanquished

Table legend:
 A = Non-vault XP
 B = Vault XP
 C = Vault XP percentage of total XP
 D = Non-vault monster count
 E = Vault monster count
 F = Vault count percentage of total count
                 A         B        C        D         E       F
            +---------+---------+-------+---------+---------+-------
      Total |     251 |       0 |   0.0 |      72 |       0 |   0.0
            +---------+---------+-------+---------+---------+-------
        D:1 |      35 |       0 |   0.0 |      23 |       0 |   0.0
        D:2 |      60 |       0 |   0.0 |      25 |       0 |   0.0
        D:3 |     156 |       0 |   0.0 |      24 |       0 |   0.0
            +---------+---------+-------+---------+---------+-------

Illustrated notes

Table legend:
 A = Kills in this place as a percentage of kills in entire the game.
 B = Kills by you in this place as a percentage of kills by you in the entire game.
 C = Kills by friends in this place as a percentage of kills by friends in the entire game.
 D = Other kills in this place as a percentage of other kills in the entire game.
 E = Experience gained in this place as a percentage of experience gained in the entire game.
 F = Experience gained in this place divided by the number of levels of this place that you have seen.
                   A       B       C       D       E      F
               +-------+-------+-------+-------+-------+----------------------
         Total | 100.0 | 100.0 |   N/A |   N/A | 100.0 |  50.2
       Dungeon | 100.0 | 100.0 |   N/A |   N/A | 100.0 |  50.2
               +-------+-------+-------+-------+-------+----------------------

Table legend: (Time is in decaauts)
 A = Elapsed time spent in this place.
 B = Non-inter-level travel time spent in this place.
 C = Inter-level travel time spent in this place.
 D = Time resting spent in this place.
 E = Time spent auto-exploring this place.
 F = Levels seen in this place.
 G = Mean time per level.
                   A        B        C        D        E       F      G
               +--------+--------+--------+--------+--------+-----+--------+
         Total |   1926 |   1819 |    107 |     37 |   1279 |   5 |  385.2 |
       Dungeon |   1926 |   1819 |    107 |     37 |   1279 |   5 |  385.2 |
               +--------+--------+--------+--------+--------+-----+--------+

Top non-repeatable levels by time:
     D:1: 735 daAuts
     D:3: 658 daAuts
     D:2: 505 daAuts
     D:5: 17 daAuts
     D:4: 10 daAuts
